 Dungeon Crawl Stone Soup version 0.30-a0-596-g0af90f9a20 (webtiles) character file.

Game seed: 2483326764412049387

170 pokeman the Magician (level 5, -1/29 HPs)
             Began as a Deep Elf Hedge Wizard on Jan 7, 2023.
             Was an Initiate of Vehumet.
             Slain by a shadow imp (2 damage)
             ... summoned by Natasha
             ... on level 3 of the Dungeon.
             The game lasted 00:07:40 (2821 turns).

pokeman the Magician (Deep Elf Hedge Wizard)        Turns: 2821, Time: 00:07:40

Health: -1/29      AC:  5    Str:  7    XL:     5   Next: 26%
Magic:  10/15      EV: 13    Int: 21    God:    Vehumet [......]
Gold:   130        SH:  0    Dex: 14    Spells: 8/16 levels left

rFire   . . .      SeeInvis .    s - +2 morningstar (heavy)
rCold   . . .      Faith    .    (no shield)
rNeg    + . .      Spirit   .    b - +0 robe
rPois   .          Reflect  .    q - +0 helmet
rElec   .          Harm     .    c - +0 cloak
rCorr   .          Rampage  .    (no gloves)
Will    .....                    o - +0 pair of boots
Stlth   ++                       (no amulet)
HPRegen 0.24/turn                j - ring of positive energy
MPRegen 0.14/turn                (no ring)

@: no status effects
A: no striking features
a: Renounce Religion


You were on level 3 of the Dungeon.
You worshipped Vehumet.
Vehumet was noncommittal.
You visited 1 branch of the dungeon, and saw 3 of its levels.

You collected 130 gold pieces.

Inventory:

Hand Weapons
 s - a +2 heavy morningstar (weapon)
Armour
 b - a +0 robe (worn)
 c - a +0 cloak (worn)
 o - a +0 pair of boots (worn)
 q - a +0 helmet (worn)
Jewellery
 j - a ring of positive energy (left hand)
Wands
 a - a wand of polymorph (11)
 t - a wand of light (8)
 v - a wand of flame (7)
Scrolls
 f - a scroll of butterflies {unknown}
 h - 2 scrolls of poison {unknown}
 l - 2 scrolls of brand weapon {unknown}
 m - a scroll of noise {unknown}
 p - a scroll of identify {unknown}
 w - a scroll of fear {unknown}
Potions
 d - 2 potions of magic
 e - 2 potions of flight {unknown}
 g - a potion of haste {unknown}
 i - a potion of curing {unknown}
 k - a potion of attraction {unknown}
 n - 2 potions of heal wounds {unknown}
 r - a potion of mutation {unknown}
 u - a potion of brilliance {unknown}


   Skills:
 - Level 1.0 Fighting
 - Level 1.1 Armour
 - Level 3.0 Dodging
 - Level 3.0 Stealth
 * Level 6.2 Spellcasting
 + Level 2.5 Conjurations
 - Level 1.1 Summonings
 - Level 1.1 Translocations
 + Level 0.2 Air Magic
 + Level 0.0 Evocations


You had 8 spell levels left.
You knew the following spells:

 Your Spells              Type           Power      Damage    Failure   Level
a - Magic Dart            Conj           68%        1d6       3%          1
b - Mephitic Cloud        Conj/Pois/Air  10%        N/A       21%         3
c - Call Imp              Summ           11%        N/A       10%         2
d - Blink                 Tloc           22%        N/A       10%         2

Your spell library contained the following spells:

 Spells                   Type           Power      Damage    Failure   Level
 Slow                     Hex            24%        N/A       10%         1
 Cigotuvi's Dreadful Rot  Necr/Pois/Air  12%        N/A       14%         2
 Kindle Blastsparks       Fire/Tloc/Air  16%        2d11      24%         3
 Ignite Poison            Fire/Tmut/Pois 6%         N/A       28%         3
 Freezing Cloud           Conj/Ice/Air   5%         6-21      88%         5


Dungeon Overview and Level Annotations

Branches:
Dungeon (3/15)

Altars:
Vehumet

Annotations:
D:3 Grinder, Natasha, Terence


Message History

The magic dart hits Natasha.
Natasha is heavily wounded.
Casting: Magic Dart (safe; 3% risk of failure)
Confirm with . or Enter, or press ? or * to list all spells.
You can't see any susceptible monsters within range! (Use Z to cast anyway.) Unknown command.
Casting: Magic Dart (safe; 3% risk of failure)
Confirm with . or Enter, or press ? or * to list all spells.
You can't see any susceptible monsters within range! (Use Z to cast anyway.) Unknown command.
Natasha is nearby!
Casting: Magic Dart (safe; 3% risk of failure)
Confirm with . or Enter, or press ? or * to list all spells.
Aiming: Magic Dart (safe; 3% risk of failure)
Press: ? - help, Shift-Dir - straight line, f/p - Natasha
Aim: Natasha, carrying a wand of flame (16) (heavily wounded, 100% to hit)
The magic dart hits Natasha.
Natasha is severely wounded.
Natasha casts a spell.
Casting: Magic Dart (safe; 3% risk of failure)
Confirm with . or Enter, or press ? or * to list all spells.
Aiming: Magic Dart (safe; 3% risk of failure)
Press: ? - help, Shift-Dir - straight line, f/p - Natasha
Aim: Natasha, carrying a wand of flame (16) (severely wounded, 100% to hit)
The magic dart hits Natasha but does no damage.
Natasha is severely wounded.
Natasha casts a spell.
Casting: Magic Dart (safe; 3% risk of failure)
Confirm with . or Enter, or press ? or * to list all spells.
Aiming: Magic Dart (safe; 3% risk of failure)
Press: ? - help, Shift-Dir - straight line, f/p - Natasha
Aim: Natasha, carrying a wand of flame (16) (severely wounded, 100% to hit)
The magic dart hits the shadow imp.
The shadow imp is lightly wounded.
Natasha zaps a wand.
The puff of flame hits you!
Natasha zaps a wand.
The puff of flame hits you!
* * * LOW HITPOINT WARNING * * *
The shadow imp lashes its tail.
The shadow imp hits you.
You die...

#.#.........###.##.#
####....######.....##.###
#.......# ####........
#...#...# #.######.
#.......# #.# #.
#.#._.#.## #.# #.
##........## #.# #.
#....#..÷5.#######.######.
#....5h..@.....##.........
#.############.##..#######
#.# #.##..# #.# #.##..#
#.############.##÷.#
#..............#...##
######.#######......# #.#
#......# #.# ####......#
##


You could see Natasha, a crimson imp (summoned) and a shadow imp (summoned).

Vanquished Creatures
  An orc priest (D:3)
  Natasha (twice) (D:3)
  2 adders (D:2)
  3 gnolls (D:3)
  4 orcs (D:3)
  7 ball pythons
  3 bats
  3 endoplasms
  5 goblins
  3 hobgoblins (D:1)
  2 jackals (D:2)
  4 kobolds
  A quokka (D:1)
  4 frilled lizards
  4 rats
48 creatures vanquished.

Vanquished Creatures (others)
  5 toadstools (D:1)
5 creatures vanquished.

Grand Total: 53 creatures vanquished

Notes
Turn   | Place    | Note
-------+----------+-------------------------------------------
     0 | D:1      | pokeman the Deep Elf Hedge Wizard began the quest for the
                  | Orb.
     0 | D:1      | Reached XP level 1. HP: 10/10 MP: 7/7
   303 | D:1      | Reached XP level 2. HP: 15/15 MP: 5/9
   358 | D:1      | Found a faded altar of an unknown god.
  1178 | D:2      | Reached skill level 5 in Spellcasting
  1178 | D:2      | Reached XP level 3. HP: 18/20 MP: 1/11
  1182 | D:2      | Learned a level 3 spell: Mephitic Cloud
  1185 | D:2      | Learned a level 2 spell: Call Imp
  1188 | D:2      | Learned a level 2 spell: Blink
  1537 | D:2      | Reached skill level 1 in Armour
  1716 | D:3      | Reached skill level 1 in Fighting
  1858 | D:3      | Noticed Grinder
  1860 | D:3      | Paralysed by Grinder for 2 turns
  1861 | D:3      | Reached XP level 4. HP: 25/25 MP: 4/13
  2035 | D:3      | Noticed Terence
  2285 | D:3      | Noticed Natasha
  2293 | D:3      | Killed Natasha
  2294 | D:3      | Reached skill level 6 in Spellcasting
  2294 | D:3      | Reached XP level 5. HP: 29/29 MP: 5/15
  2382 | D:3      | Noticed Natasha
  2388 | D:3      | Killed Natasha
  2502 | D:3      | Found a radiant altar of Vehumet.
  2514 | D:3      | Became a worshipper of Vehumet
  2606 | D:3      | Paralysed by Grinder for 3 turns
  2612 | D:3      | Paralysed by Grinder for 4 turns
  2811 | D:3      | Noticed Natasha
  2821 | D:3      | HP: 1/29 [Natasha/puff of flame (10)]
  2821 | D:3      | Slain by a shadow imp

Illustrated notes

Levels and vault maps discovered:
D:1:      ldierk_walled_garden, layout_rooms,
          hellmonk_ecumenical_altar_pennies_from_heaven,
          minmay_misc_feat_ornament
D:2:      layout_loops_cross
D:3:      layout_loops_ring, vehumet_altar_wand_db, uniq_natasha, uniq_grinder,
          uniq_crazy_yiuf_cottage, uniq_terence

Skill      XL: |  1  2  3  4  5 |
---------------+----------------+-----
Spellcasting   | 5 6 |  6.2
Armour         | 1 |  1.1
Fighting       | 1 |  1.0
Conjurations   | 2 |  2.5
Stealth        | 3 |  3.0
Dodging        | 3 |  3.0
Summonings     | |  1.1
Translocations | |  1.1
Air Magic      | |  0.2

Action                   |  1- 3 |  4- 6 || total
-------------------------+-------+-------++-------
Melee: Dagger            |    16 |     4 ||    20
       Morningstar       |       |     7 ||     7
 Cast: Magic Dart        |    74 |    48 ||   122
       Mephitic Cloud    |     2 |     1 ||     3
       Call Imp          |       |     2 ||     2
Evoke: Wand              |       |     7 ||     7
Armor: Robe              |     6 |     6 ||    12
Dodge: Dodged            |    17 |    12 ||    29

Table legend: (Time is in decaauts)
 A = Elapsed time spent in this place.
 B = Non-inter-level travel time spent in this place.
 C = Inter-level travel time spent in this place.
 D = Time resting spent in this place.
 E = Time spent auto-exploring this place.
 F = Levels seen in this place.
 G = Mean time per level.
                   A        B        C        D        E       F      G
               +--------+--------+--------+--------+--------+-----+--------+
         Total |   2832 |   2753 |     79 |    207 |   2102 |   3 |  944.0 |
       Dungeon |   2832 |   2753 |     79 |    207 |   2102 |   3 |  944.0 |
               +--------+--------+--------+--------+--------+-----+--------+

Top non-repeatable levels by time:
     D:2: 1083 daAuts
     D:3: 990 daAuts
     D:1: 758 daAuts
